 Dungeon Crawl Stone Soup version 0.28.0-1-gb440e238dd (webtiles) character file.

Game seed: 3209362374049115177

119 cbfl8 the Sneak (level 4, -3/41 HPs)
             Began as a Minotaur Delver on Feb 28, 2022.
             Slain by Eustachio (12 damage)
             ... on level 4 of the Dungeon.
             The game lasted 00:01:08 (731 turns).

cbfl8 the Sneak (Minotaur Delver)                    Turns: 731, Time: 00:01:09

Health: -3/41      AC:  3    Str: 19    XL:     4   Next: 74%
Magic:  3/3        EV: 12    Int:  7    God:
Gold:   12         SH:  0    Dex: 11    Spells: 3/3 levels left

rFire   . . .      SeeInvis .   a - +0 hand axe
rCold   . . .      Faith    .   (no shield)
rNeg    . . .      Spirit   .   b - +0 leather armour
rPois   .          Reflect  .   (helmet restricted)
rElec   .          Harm     .   (no cloak)
rCorr   .          Rampage  .   (no gloves)
Will    .....                   (no boots)
Stlth   +++.......              (no amulet)
HPRegen 0.13/turn               (no ring)
MPRegen 0.08/turn               (no ring)

@: no status effects
A: horns 2, retaliatory headbutt
a: no special abilities


You were on level 4 of the Dungeon.
You visited 1 branch of the dungeon, and saw 3 of its levels.

You collected 12 gold pieces.

Inventory:

Hand Weapons
 a - a +0 hand axe (weapon)
Armour
 b - a +0 leather armour (worn)
Wands
 g - a wand of digging (3)
Scrolls
 c - a scroll of fog
 e - a scroll of fear
Potions
 f - a potion of haste


   Skills:
 + Level 4.3 Fighting
 + Level 3.1 Axes
 + Level 0.8 Armour
 + Level 2.4 Dodging
 + Level 5.2 Stealth


You had 3 spell levels left.
You didn't know any spells.
Your spell library was empty.

Dungeon Overview and Level Annotations

Branches:
Dungeon (6/15)
 Temple: D:4-7

Altars:
Fedhas

Annotations:
D:4 Eustachio


Innate Abilities, Weirdness & Mutations

You have a pair of horns on your head.
You reflexively headbutt those who attack you in melee.


Message History

Eustachio hits you with a +2 rapier of freezing.
Eustachio freezes you.
You hit Eustachio.
Eustachio is heavily wounded.
Eustachio closely misses you.
You miss Eustachio.
Eustachio is heavily wounded.
Eustachio hits you with a +2 rapier of freezing!
Eustachio freezes you.
You closely miss Eustachio.
Eustachio is heavily wounded.
Eustachio closely misses you.
You hit Eustachio.
Eustachio is heavily wounded.
Eustachio utters an oath, "I will die for my friends!"
Eustachio closely misses you.
You barely miss Eustachio.
Eustachio is heavily wounded.
Eustachio closely misses you.
Eustachio hits you with a +2 rapier of freezing.
Eustachio freezes you.
You slash Eustachio!
Eustachio is severely wounded.
Eustachio misses you.
You closely miss Eustachio. Your headbutt misses Eustachio.
Eustachio is severely wounded.
Eustachio casts a spell.
Eustachio blinks!
Eustachio mumbles some strange words.
Eustachio blinks!
Eustachio hits you with a +2 rapier of freezing.
* * * LOW HITPOINT WARNING * * *
Eustachio freezes you.
* * * LOW HITPOINT WARNING * * *
You completely miss Eustachio.
Eustachio is severely wounded.
Eustachio casts a spell.
Eustachio blinks!
Eustachio hits you with a +2 rapier of freezing!
You die...

#########
#..!....#
#.......#
#.......#
#@......#
......@.......#
#######.......#
#.......#
#.......#
####.#### #.#
..#


You could see Eustachio.

Vanquished Creatures
  An ogre (D:5)
  A bullfrog skeleton (D:5)
  An ufetubus (D:5)
  A dart slug (D:5)
  A quokka (D:4)
5 creatures vanquished.

Notes
Turn   | Place    | Note
-------+----------+-------------------------------------------
     0 | D:5      | cbfl8 the Minotaur Delver began the quest for the Orb.
     0 | D:5      | Reached XP level 1. HP: 19/19 MP: 0/0
    69 | D:4      | Noticed a steam dragon
   397 | D:5      | Reached XP level 2. HP: 17/27 MP: 1/1
   397 | D:5      | Reached XP level 3. HP: 21/33 MP: 2/2
   400 | D:5      | Noticed an ogre
   425 | D:5      | Killed an ogre
   426 | D:5      | Reached skill level 5 in Stealth
   426 | D:5      | Reached XP level 4. HP: 6/41 MP: 3/3
   714 | D:4      | Noticed Eustachio
   731 | D:4      | Slain by Eustachio

Illustrated notes

Levels and vault maps discovered:
D:4:      layout_rooms, minmay_bent, uniq_grinder, uniq_eustachio
D:5:      layout_basic, lemuel_crystal_altar, uniq_crazy_yiuf_cottage
D:6:      layout_loops_ring, kennysheep_little_box, minmay_temple_entry_arrows,
          serial_aquarium, aquarium_bridge_square [aquarium_subvault_wall,
          aquarium_subvault_bridge, aquarium_subvault_wall,
          aquarium_subvault_wall], aquarium_window_1, aquarium_window_fake,
          aquarium_window_corner, aquarium_window_3, aquarium_view_2d,
          aquarium_pool_2, nicolae_ossuary_entry_false_entrances,
          gammafunk_ghost_cemetery

Skill      XL: |  1  2  3 |
---------------+----------+-----
Fighting       | 4 |  4.3
Axes           | 3 |  3.1
Stealth        | 5 |  5.2
Armour         | |  0.8
Dodging        | |  2.4

Action                   |  1- 3 |  4- 6 || total
-------------------------+-------+-------++-------
Melee: Hand axe          |    14 |    12 ||    26
       Headbutt          |     3 |     1 ||     4
       Punch             |     1 |       ||     1
  Use: Scroll            |     1 |       ||     1
 Stab: Sleeping          |       |     2 ||     2
Armor: Leather armour    |     1 |       ||     1
Dodge: Dodged            |    11 |     8 ||    19
